 Dungeon Crawl Stone Soup version 0.27.0-1-g7a089689b8 (webtiles) character file.

Game seed: 9182241663140445791

52 Descartes the Ducker (level 3, -1/17 HPs)
             Began as a Felid Chaos Knight on Aug 10, 2021.
             Was a Plaything of Xom.
             Slain by a white imp (2 damage)
             ... summoned by Xom
             ... on level 2 of the Dungeon.
             The game lasted 00:02:42 (2352 turns).

Descartes the Ducker (Felid Chaos Knight)           Turns: 2352, Time: 00:02:44

Health: -1/17      AC:  1    Str:  9    XL:     3   Next: 60%
Magic:  4/4        EV: 18    Int: 13    God:    Xom [.*....]
Gold:   60         SH:  0    Dex: 15    Spells: 2/2 levels left
                                        Lives:  0   Deaths: 0

rFire    . . .     SeeInvis +     - Unarmed
rCold    . . .     Faith    .   (shield unavailable)
rNeg     . . .     Spirit   .   (armour unavailable)
rPois    .         Reflect  .   (helmet unavailable)
rElec    .         Harm     .   (cloak unavailable)
rCorr    .         Rampage  .   (gloves unavailable)
Will     .....                  (boots unavailable)
Stlth    ++........             (no amulet)
HPRegen  0.05/turn              (no ring)
MPRegen  0.09/turn              (no ring)

@: quick
A: very small, claws 1, fangs 3, see invisible, speed 1, shaggy fur 1, stealthy
paws, no weapons or thrown items, no armour, multi-lived
a: Renounce Religion


You were on level 2 of the Dungeon.
You worshipped Xom.
You were a plaything of Xom.
You visited 1 branch of the dungeon, and saw 2 of its levels.

You collected 60 gold pieces.

Inventory:

Missiles
 h - 7 stones
Scrolls
 a - 2 scrolls of vulnerability
 b - a scroll of holy word {unknown}
 c - 2 scrolls of identify {unknown}
 e - a scroll of fog {unknown}
 f - a scroll of torment {unknown}
 g - a scroll of teleportation {unknown}
Potions
 d - a potion of heal wounds {unknown}
 i - a potion of cancellation {unknown}
 j - a potion of might {unknown}
 k - a potion of mutation {unknown}


   Skills:
 - Level 3.0 Fighting
 + Level 4.1 Dodging
 + Level 2.7 Stealth
 + Level 3.6 Unarmed Combat


You had 2 spell levels left.
You didn't know any spells.
Your spell library was empty.

Dungeon Overview and Level Annotations

Branches:
Dungeon (2/15)

Altars:


Innate Abilities, Weirdness & Mutations

You have sharp claws.
You have razor-sharp teeth.
You have supernaturally acute eyesight. (SInv)
You cover ground quickly. (Speed+)
You are covered in fur. (AC +1)
Your paws help you pounce on unaware monsters.
You are incapable of wielding weapons or throwing items.
You cannot wear armour.
You gain extra lives every three experience levels.


Message History

You scratch the dart slug.
The dart slug is heavily wounded.
You claw the dart slug!
You kill the dart slug!
No target in view!
No target in view!
No target in view!
No target in view!
No target in view!
No target in view!
No target in view!
No target in view!
No target in view! "Fight to survive, mortal."
You scratch the white imp but do no damage.
You closely miss the white imp. You barely miss the crimson imp.
You scratch the crimson imp but do no damage.
Your bite misses the crimson imp. The crimson imp misses you.
You closely miss the crimson imp.
The crimson imp blinks!
The white imp summons a swarm of flies.
The white imp hits you. The white imp freezes you.
You scratch the white imp.
The white imp is lightly wounded.
The white imp misses you.
You scratch the white imp.
The white imp is heavily wounded.
The white imp hits you. The white imp freezes you.
* * * LOW HITPOINT WARNING * * *
You emit a cloud of colourful smoke!
You are too injured to fight recklessly!
You are too injured to fight recklessly!
You are too injured to fight recklessly!
You closely miss the white imp.
The white imp is heavily wounded.
The white imp hits you.
* * * LOW HITPOINT WARNING * * *
The white imp freezes you.
You die... "I guess I need a new plaything now."

#.# #.# #..##.#
#.###.########..##.##
#....................
#####.##...........##
########.............##
#...........#####....#
#..#####.............#
#.#.#############....#
####.§§@55# #..#.#
#.#.#####§# ###..#.#
##.## #.# #......# ###
#.#####.#..###
#.......#..#
###........# #.#####..#
#.# #..# #.# #..#


You could see a crimson imp (summoned) and a white imp (summoned).

Vanquished Creatures
  3 dart slugs
  6 ball pythons
  4 endoplasms (D:1)
  4 giant cockroaches
  2 goblins (D:1)
  5 hobgoblins
  7 kobolds
  A bat (D:1)
  4 frilled lizards (D:1)
  7 rats
43 creatures vanquished.

Notes
Turn   | Place    | Note
-------+----------+-------------------------------------------
     0 | D:1      | Descartes the Felid Chaos Knight began the quest for the
                  | Orb.
     0 | D:1      | Reached XP level 1. HP: 10/10 MP: 2/2
   160 | D:1      | Reached skill level 1 in Stealth
   191 | D:1      | XOM: silly message
   345 | D:1      | XOM: silly message
   363 | D:1      | Reached XP level 2. HP: 14/14 MP: 3/3
   582 | D:1      | XOM: divination: magic mapping
   719 | D:1      | You fall into a shaft and drop 1 floor!
   920 | D:2      | XOM: silly message
  1207 | D:2      | XOM: cast spell 'Cause Fear'
  1210 | D:2      | XOM: noise
  1214 | D:2      | Reached XP level 3. HP: 8/17 MP: 4/4
  1641 | D:1      | Reached skill level 4 in Dodging
  1934 | D:1      | XOM: god gift: scroll labelled UDOZXEO HUVOKH {god gift}
  2131 | D:1      | XOM is BORED!
  2343 | D:2      | XOM: summons 2 hostile demons
  2351 | D:2      | XOM: smoke on damage
  2352 | D:2      | Slain by a white imp

Illustrated notes

Levels and vault maps discovered:
D:1:      dpeg_arrival_ratfight, layout_basic
D:2:      layout_loops_ring, chequers_avenue,
          hangedman_abyss_or_decor_lesser_grid, minmay_tall_x, uniq_jessica

Skill      XL: |  1  2  3 |
---------------+----------+-----
Stealth        | 1 2 |  2.7
Dodging        | 4 |  4.1
Fighting       | |  3.0
Unarmed Combat | |  3.6

Action                   || total
-------------------------++-------
Melee: Unarmed           ||   130
       Bite              ||     9
  Use: Scroll            ||     1
 Stab: Sleeping          ||     7
Armor: Skin              ||     7
Dodge: Dodged            ||   108
